 Dungeon Crawl Stone Soup version 0.29-a0-563-g64e4043184 (webtiles) character file.

Game seed: 1700855109024048124

102 DocClef the Covert (level 4, 0/41 HPs)
             Began as a Gnoll Delver on June 11, 2022.
             Slain by an iguana (9 damage)
             ... on level 5 of the Dungeon.
             The game lasted 00:00:14 (86 turns).

DocClef the Covert (Gnoll Delver)                     Turns: 86, Time: 00:00:14

Health: 0/41       AC:  3    Str: 11    XL:     4   Next: 78%
Magic:  5/5        EV: 13    Int:  9    God:
Gold:   0          SH:  0    Dex: 16    Spells: 5/5 levels left

rFire   . . .      SeeInvis .   a - +0 short sword
rCold   . . .      Faith    .   (no shield)
rNeg    . . .      Spirit   .   b - +0 leather armour
rPois   .          Reflect  .   (no helmet)
rElec   .          Harm     .   (no cloak)
rCorr   .          Rampage  .   (no gloves)
Will    .....                   (no boots)
Stlth   ++++......              (no amulet)
HPRegen 0.13/turn               (no ring)
MPRegen 0.09/turn               (no ring)

@: no status effects
A: fangs 1, strong nose, distributed training
a: no special abilities


You were on level 5 of the Dungeon.
You visited 1 branch of the dungeon, and saw 1 of its levels.

Inventory:

Hand Weapons
 a - a +0 short sword (weapon)
Armour
 b - a +0 leather armour (worn)
Wands
 g - a wand of digging (3)
Scrolls
 c - a scroll of fog
 d - a scroll of magic mapping
 e - a scroll of fear
Potions
 f - a potion of haste


   Skills:
 + Level 6.6 Fighting
 + Level 4.7 Short Blades
 + Level 1.2 Long Blades
 + Level 1.2 Axes
 + Level 1.2 Maces & Flails
 + Level 1.2 Polearms
 + Level 1.2 Staves
 + Level 1.2 Slings
 + Level 1.2 Bows
 + Level 1.2 Crossbows
 + Level 1.2 Throwing
 + Level 1.2 Armour
 + Level 4.7 Dodging
 + Level 9.6 Stealth
 + Level 1.2 Shields
 + Level 1.2 Unarmed Combat
 + Level 1.2 Spellcasting
 + Level 1.0 Conjurations
 + Level 1.0 Hexes
 + Level 1.0 Summonings
 + Level 1.0 Necromancy
 + Level 1.0 Translocations
 + Level 1.0 Transmutations
 + Level 1.0 Fire Magic
 + Level 1.0 Ice Magic
 + Level 1.0 Air Magic
 + Level 1.0 Earth Magic
 + Level 1.0 Poison Magic
 + Level 1.3 Invocations
 + Level 1.2 Evocations


You had 5 spell levels left.
You didn't know any spells.
Your spell library was empty.

Dungeon Overview and Level Annotations

Branches:
Dungeon (5/15)
 Temple: D:4-7

Altars:

Shops:
D:5 ?


Innate Abilities, Weirdness & Mutations

You have very sharp teeth.
Your uncanny sense of smell can sniff out nearby items.
Your experience applies equally to all skills.


Message History

You see here a +0 short sword.
There is an entrance to Jixotho's Magic Scroll Boutique here.
An iguana comes into view.
An iguana is nearby!
An iguana is nearby!
You barely miss the iguana. The iguana bites you.
You barely miss the iguana. The iguana closely misses you.
You hit the iguana but do no damage. The iguana bites you!
You barely miss the iguana. The iguana bites you!
You are too injured to fight recklessly!
You are too injured to fight recklessly!
You are too injured to fight recklessly!
You are too injured to fight recklessly!
You are too injured to fight recklessly!
You are too injured to fight recklessly!
You are too injured to fight recklessly!
You are too injured to fight recklessly!
You are too injured to fight recklessly!
You are too injured to fight recklessly!
You are too injured to fight recklessly!
You are too injured to fight recklessly!
You are too injured to fight recklessly!
You are too injured to fight recklessly!
You hit the iguana. You bite the iguana, but do no damage.
The iguana is lightly wounded.
The iguana closely misses you.
You hit the iguana but do no damage.
The iguana is lightly wounded.
The iguana barely misses you.
You hit the iguana.
The iguana is moderately wounded.
Unknown command.
You hit the iguana but do no damage. You bite the iguana, but do no damage.
The iguana is moderately wounded.
The iguana bites you!
* * * LOW HITPOINT WARNING * * *
You hit the iguana but do no damage.
The iguana is moderately wounded.
The iguana bites you!
You die...

#.#.... #..## #.....
#...## #..... #....#
#....## #.... #
#....# #..# .###..
#...###..# ......#
#....#...# ##.....#
##..l....###......#
#..@....##......8##
#..###......#......##
#..#
#..........<..... #.#
#................ #.
#........∩....).† #.
..................
...####..>....#....
...# #.....###..#.
..# #8....# ##.##


You could see an iguana.

Vanquished Creatures
  A water moccasin (D:5)
1 creature vanquished.

Notes
Turn   | Place    | Note
-------+----------+-------------------------------------------
     0 | D:5      | Reached skill level 9 in Stealth
     0 | D:5      | DocClef the Gnoll Delver began the quest for the Orb.
     0 | D:5      | Reached XP level 1. HP: 23/23 MP: 1/1
     1 | D:5      | Noticed a water moccasin
     8 | D:5      | Killed a water moccasin
     9 | D:5      | Reached skill level 1 in Long Blades
     9 | D:5      | Reached skill level 1 in Axes
     9 | D:5      | Reached skill level 1 in Maces & Flails
     9 | D:5      | Reached skill level 1 in Polearms
     9 | D:5      | Reached skill level 1 in Staves
     9 | D:5      | Reached skill level 1 in Slings
     9 | D:5      | Reached skill level 1 in Bows
     9 | D:5      | Reached skill level 1 in Crossbows
     9 | D:5      | Reached skill level 1 in Throwing
     9 | D:5      | Reached skill level 1 in Armour
     9 | D:5      | Reached skill level 1 in Shields
     9 | D:5      | Reached skill level 1 in Unarmed Combat
     9 | D:5      | Reached skill level 1 in Spellcasting
     9 | D:5      | Reached skill level 1 in Conjurations
     9 | D:5      | Reached skill level 1 in Hexes
     9 | D:5      | Reached skill level 1 in Summonings
     9 | D:5      | Reached skill level 1 in Necromancy
     9 | D:5      | Reached skill level 1 in Translocations
     9 | D:5      | Reached skill level 1 in Transmutations
     9 | D:5      | Reached skill level 1 in Fire Magic
     9 | D:5      | Reached skill level 1 in Ice Magic
     9 | D:5      | Reached skill level 1 in Air Magic
     9 | D:5      | Reached skill level 1 in Earth Magic
     9 | D:5      | Reached skill level 1 in Poison Magic
     9 | D:5      | Reached skill level 1 in Invocations
     9 | D:5      | Reached skill level 1 in Evocations
     9 | D:5      | Reached XP level 2. HP: 29/29 MP: 1/3
     9 | D:5      | Reached XP level 3. HP: 35/35 MP: 1/4
     9 | D:5      | Reached XP level 4. HP: 41/41 MP: 1/5
    86 | D:5      | Slain by an iguana

Illustrated notes

Levels and vault maps discovered:
D:5:      corexii_shantytown, layout_layer_cave, dk_yredelemnul_ordeal,
          serial_shops, nicolae_stop_n_shop_1

Skill      XL: |  1 |
---------------+----+-----
Stealth        | |  9.6
Long Blades    | 1 |  1.2
Axes           | 1 |  1.2
Maces & Flails | 1 |  1.2
Polearms       | 1 |  1.2
Staves         | 1 |  1.2
Slings         | 1 |  1.2
Bows           | 1 |  1.2
Crossbows      | 1 |  1.2
Throwing       | 1 |  1.2
Armour         | 1 |  1.2
Shields        | 1 |  1.2
Unarmed Combat | 1 |  1.2
Spellcasting   | 1 |  1.2
Conjurations   | 1 |  1.0
Hexes          | 1 |  1.0
Summonings     | 1 |  1.0
Necromancy     | 1 |  1.0
Translocations | 1 |  1.0
Transmutations | 1 |  1.0
Fire Magic     | 1 |  1.0
Ice Magic      | 1 |  1.0
Air Magic      | 1 |  1.0
Earth Magic    | 1 |  1.0
Poison Magic   | 1 |  1.0
Invocations    | 1 |  1.3
Evocations     | 1 |  1.2
Fighting       | |  6.6
Short Blades   | |  4.7
Dodging        | |  4.7

Action                   |  1- 3 |  4- 6 || total
-------------------------+-------+-------++-------
Melee: Short sword       |     1 |     9 ||    10
       Bite              |       |     2 ||     2
 Stab: Sleeping          |     1 |       ||     1
Dodge: Dodged            |       |     3 ||     3

Table legend: (Time is in decaauts)
 A = Elapsed time spent in this place.
 B = Non-inter-level travel time spent in this place.
 C = Inter-level travel time spent in this place.
 D = Time resting spent in this place.
 E = Time spent auto-exploring this place.
 F = Levels seen in this place.
 G = Mean time per level.
                   A        B        C        D        E       F      G
               +--------+--------+--------+--------+--------+-----+--------+
         Total |     84 |     84 |      0 |      0 |     62 |   1 |   84.0 |
       Dungeon |     84 |     84 |      0 |      0 |     62 |   1 |   84.0 |
               +--------+--------+--------+--------+--------+-----+--------+

Top non-repeatable levels by time:
     D:5: 84 daAuts
